 Dungeon Crawl Stone Soup version 0.20.1 (webtiles) character file.

432882 vishdafish the Wrestler (level 23, -6/224 HPs)
             Began as a Troll Monk on July 2, 2017.
             Was the Champion of Cheibriados.
             Mangled by sonicboom's ghost (18 damage)
             ... on level 4 of the Depths.
             The game lasted 02:29:02 (35365 turns).

vishdafish the Wrestler (Troll Monk)               Turns: 35365, Time: 02:29:03

Health: -6/224     AC: 19    Str: 47      XL:     23   Next: 14%
Magic:  0/46       EV: 23    Int: 23 (26) God:    Cheibriados [******]
Gold:   4152       SH: 28    Dex: 31      Spells: 22/22 levels left

rFire    + + +     SeeInvis .     - Unarmed
rCold    . . .     Gourm    +   v - +2 large shield {reflect}
rNeg     + . .     Faith    .   J - +4 moon troll leather armour {Spirit, Regen++ MP+5}
rPois    +         Spirit   +   x - +0 hat {MR+}
rElec    .         Reflect  +   w - +2 cloak {rPois}
rCorr    +         Harm     .   (gloves unavailable)
MR       ++...                  (boots unavailable)
Stlth    ++........             H - amulet of the Chupacabra {Spirit *Drain rN+ Str+2 Int+5}
Regen    1.7/turn               n - ring of resist corrosion
MPRegen  0.3/turn               B - ring of Cihe {+Blink rF+++ MP+9 Str+2 Stlth-}

@: about to teleport, very slow
A: unfitting armour, claws 3, horns 1, talons 1, slimy green scales 1, fire
resistance 1, fast metabolism 3, gourmand, sense surroundings 1, regeneration 1,
screaming 2, shaggy fur 2, tough skin 2, MP-powered wands
}: 1/15 runes: gossamer
a: Bend Time, Temporal Distortion, Slouch, Step From Time, Renounce Religion,
Evoke Blink


You were on level 4 of the Depths.
You worshipped Cheibriados.
Cheibriados was exalted by your worship.
You were very full.

You visited 7 branches of the dungeon, and saw 36 of its levels.
You also visited: Sewer, Ice Cave, Wizlab and Desolation.

You collected 4256 gold pieces.
You spent 104 gold pieces at shops.

Inventory:

Hand Weapons
 R - a +2 demon whip of electrocution
Missiles
 Y - 106 large rocks (quivered)
Armour
 v - a +2 large shield of reflection (worn)
 w - a +2 cloak of poison resistance (worn)
 x - a +0 hat of magic resistance (worn)
 J - the +4 moon troll leather armour (worn) {Spirit, Regen++ MP+5}
   (You took it off a moon troll in a wizard's laboratory)

   It affects your magic capacity (+5).
   It increases your rate of regeneration.
Jewellery
 n - a ring of resist corrosion (left claw)
 B - the ring of Cihe (right claw) {+Blink rF+++ MP+9 Str+2 Stlth-}
   (You found it in the Desolation of Salt)

   [ring of strength]

   It affects your strength (+2).
   It renders you almost immune to fire.
   It affects your magic capacity (+9).
   It lets you blink.
   It makes you less stealthy.
 H - the amulet of the Chupacabra (around neck) {Spirit *Drain rN+ Str+2 Int+5}
   (You found it in the Desolation of Salt)

   [amulet of guardian spirit]

   It causes incoming damage to be split between your health and magic.
   It affects your strength (+2).
   It affects your intelligence (+5).
   It protects you from negative energy.
   It causes draining when unequipped.
 M - an uncursed ring of poison resistance {unknown}
Wands
 y - a wand of digging (13/24)
 A - a wand of digging (14/24)
Scrolls
 d - 11 scrolls of recharging
 e - 19 scrolls of remove curse
 f - 5 scrolls of brand weapon
 i - 3 scrolls of immolation
 j - 5 scrolls of teleportation
 k - a scroll of blinking
 m - 4 scrolls of fear
 o - 8 scrolls of amnesia
 p - a scroll of silence
 D - 7 scrolls of enchant armour
 E - 10 scrolls of enchant weapon
 F - 9 scrolls of magic mapping
 K - 3 scrolls of vulnerability
 P - 7 scrolls of fog
 U - 2 scrolls of torment
 Z - 3 scrolls of summoning
Potions
 c - 5 potions of ambrosia
 q - 5 potions of brilliance
 r - 3 potions of mutation
 s - 11 potions of flight
 t - 5 potions of lignification
 u - a potion of resistance
 C - 23 potions of curing
 I - a potion of agility
 N - 8 potions of cancellation
 O - a potion of invisibility
 X - 7 potions of heal wounds
Books
 a - a book of Spatial Translocations

   Spells                             Type                      Level
   a - Blink                          Translocation                2
   b - Shroud of Golubria             Charms/Translocation         2
   c - Lesser Beckoning               Translocation                3
   d - Gell's Gravitas                Translocation                3
   e - Teleport Other                 Translocation                3
   f - Passage of Golubria            Translocation                4
 G - a book of the Earth

   Spells                             Type                      Level
   a - Leda's Liquefaction            Hexes/Earth                  4
   b - Bolt of Magma                  Conjuration/Fire/Earth       5
   c - Statue Form                    Transmutation/Earth          6
   d - Iron Shot                      Conjuration/Earth            6
   e - Shatter                        Earth                        9
 L - a book of Transfigurations

   Spells                             Type                      Level
   a - Irradiate                      Conjuration/Transmutation    5
   b - Statue Form                    Transmutation/Earth          6
   c - Hydra Form                     Transmutation                6
   d - Dragon Form                    Transmutation                7
 Q - a book of Changes

   Spells                             Type                      Level
   a - Beastly Appendage              Transmutation                1
   b - Sticks to Snakes               Transmutation                2
   c - Spider Form                    Transmutation/Poison         3
   d - Ice Form                       Ice/Transmutation            4
   e - Blade Hands                    Transmutation                5
 V - a book of Geomancy

   Spells                             Type                      Level
   a - Sandblast                      Earth                        1
   b - Passwall                       Transmutation/Earth          2
   c - Stone Arrow                    Conjuration/Earth            3
   d - Petrify                        Transmutation/Earth          4
   e - Lee's Rapid Deconstruction     Earth                        5
 W - a Fen Folio

   Spells                             Type                      Level
   a - Corpse Rot                     Necromancy                   2
   b - Stone Arrow                    Conjuration/Earth            3
   c - Leda's Liquefaction            Hexes/Earth                  4
   d - Summon Forest                  Summoning/Translocation      5
   e - Hydra Form                     Transmutation                6
   f - Summon Hydra                   Summoning                    7
Miscellaneous
 z - a phantom mirror
 S - a box of beasts
 T - a phial of floods
Comestibles
 b - 18 bread rations
 g - 22 royal jellies
 h - 24 fruits
 l - 8 meat rations


   Skills:
 - Level 12.3 Fighting
 * Level 12.4 Throwing
 * Level 12.2 Armour
 - Level 12.3 Dodging
 - Level 1.2 Stealth
 + Level 14.1 Shields
 * Level 22.1 Unarmed Combat
 - Level 14.5 Invocations


You had 22 spell levels left.
You didn't know any spells.

Dungeon Overview and Level Annotations

Branches:
Dungeon (15/15)            Temple (0/1) D:6            Lair (6/6) D:10
 Shoals (0/4) Lair:4       Spider (4/4) Lair:4        Slime (0/5) Lair:5
    Orc (2/2) D:10            Elf (1/3) Orc:2        Vaults (4/5) D:13
  Crypt (0/3) Vaults:3     Depths (4/5) D:15

Altars:
Ashenzari
Cheibriados
Dithmenos
Hepliaklqana
Kikubaaqudgha
Nemelex Xobeh
Okawaru
Qazlal
Sif Muna
Yredelemnul
Zin
The Shining One
Beogh
Jiyva

Shops:
D:4 *   D:6 *   D:10 }   D:14 %   Orc:1 :   Orc:2 =[((   Elf:1 }=}   Vaults:4 (

Portals:
Hell: Depths:1 Depths:2 Depths:3 Depths:4
Abyss: Depths:1 Depths:4
Pandemonium: Depths:1 Depths:3
Ziggurat: Depths:2

Annotations:
Lair:5 1 runed door
Depths:4 sonicboom's ghost, veteran TrHu


Innate Abilities, Weirdness & Mutations

You are too large for most types of armour.
You have claws for hands.
Your metabolism is lightning-fast.
You like to eat raw meat.
Your natural rate of healing is unusually fast.
You are covered in thick fur. (AC +2)
You have very tough skin. (AC +2)
You have a pair of small horns on your head.
You have sharp toenails.
You are partially covered in slimy green scales. (AC +2)
Your flesh is heat resistant. (rF+)
You passively map a small area around you.
You sometimes yell uncontrollably at your foes.
You expend magic power (3 MP) to strengthen your wands.


Message History

You reflect the curare-tipped needle off your +2 large shield of reflection!
The curare-tipped needle closely misses the spriggan rider.
The curare-tipped needle disappears in a puff of smoke!
You block the rakshasa's attack.
You scratch sonicboom's ghost but do no damage.
You claw sonicboom's ghost, but do no damage.
You headbutt sonicboom's ghost.
Sonicboom's ghost is almost destroyed.
You block sonicboom's ghost's attack. Sonicboom's ghost hits you!!
* * * LOW HITPOINT WARNING * * *
As you read the scroll of teleportation, it crumbles to dust.
You feel strangely unstable.
The spriggan rider shoots a curare-tipped needle.
You reflect the curare-tipped needle off your +2 large shield of reflection!
The curare-tipped needle closely misses the spriggan rider.
The curare-tipped needle disappears in a puff of smoke!
You block the rakshasa's attack. Sonicboom's ghost hits you!!
* * * LOW HITPOINT WARNING * * *
Sonicboom's ghost hits you!!
You die...

* ##* * #.**###### * #.
,.# .# #.#.(.## *
*..###..# *#.##.##.#).#
* ...∩(#.# .##..#..##..
,
##.##.(.*##.#..##...#.(
.(.#.#E##.##..#....##.
*..W##)i.....#..#..#. ,
, , #W#)##.##..##....#.
, *, ,
#W@R##.##...#...##. *
#.....#.###E###..##..#..
..### .## ##. ##..#(##.#
.# .. ##...#.## , *,## ,
, .## ###.## # *** ##
###)# ## * , * , *
#...###. *#.#.#... ** *
* ###...##


You could see a rakshasa, a spriggan rider and 3 sonicboom's ghosts.

Vanquished Creatures
  Margery (Depths:2)
  2 caustic shrikes
  the Enchantress (Depths:1)
  A golden dragon (Depths:1)
  A tentacled monstrosity (Depths:2)
  Jorgrun (Depths:1)
  4 liches
  Asterion (Elf:1)
  A titan (Depths:4)
  A moon troll (WizLab)
  6 sphinxes
  6 tentacled starspawn (WizLab)
  2 tengu reavers
  3 storm dragons
  6 fire giants
  7 frost giants
  3 orc warlords
  2 imperial myrmidons (Desolation)
  7 vault wardens
  4 deep elf sorcerers
  3 iron dragons
  4 ghost moths (Spider:4)
  9 emperor scorpions
  6 spriggan defenders
  2 war gargoyles (WizLab)
  10 ironheart preservers
  24 stone giants
  2 deep elf demonologists
  10 very ugly things
  4 entropy weavers
  4 vampire knights
  2 crystal guardians (Desolation)
  Snorg (D:13)
  2 halazid warlocks (Desolation)
  8 fire dragons
  5 spark wasps
  A merfolk javelineer (Depths:2)
  A deep elf death mage (Vaults:4)
  12 ettins
  9 yaktaur captains
  The ghost of theBrain the Severer, a journeyman MiBe of Trog (D:10)
  4 vault guards
  3 jiangshi (Depths:3)
  A deep elf high priest (Elf:1)
  Erolcha (D:9)
  11 great orbs of eyes
  7 ragged hierophants (Desolation)
  11 ice dragons
  5 hydras
  5 servants of whispers
  The ghost of polve the Transmogrifier, a journeyman DrTm (Lair:1)
  14 ogre magi
  7 rakshasas
  8 peacekeepers (Desolation)
  7 centaur warriors
  7 spriggan air magi
  9 dancing weapons
  A death knight (D:15)
  A merfolk avatar (Lair:6)
  5 death yaks
  Urug (Lair:2)
  33 two-headed ogres
  9 deep troll shamans
  6 tengu warriors
  4 spriggan berserkers
  2 vampire magi
  4 orc high priests
  7 deep troll earth magi
  A shock serpent (shapeshifter) (Depths:3)
  12 deep elf knights
  A soul eater (Depths:3)
  Nergalle (D:10)
  An iron troll (Depths:3)
  A fire crab (shapeshifter) (Vaults:4)
  A salamander mystic (Depths:3)
  A glowing orange brain (shapeshifter) (Vaults:3)
  2 flayed ghosts
  A death drake (shapeshifter) (Depths:1)
  An orange crystal statue (WizLab)
  4 unseen horrors
  2 wretched stars (WizLab)
  5 wizards
  36 deep trolls
  5 hell knights (Depths:2)
  12 glowing orange brains
  3 phantasmal warriors
  15 ironbrand convokers
  16 orc knights
  14 deep elf archers
  Pikel (D:9)
  17 harpies
  A harpy (shapeshifter) (Depths:1)
  2 necromancers
  36 deep elf magi
  55 ugly things
  21 orb spiders
  6 cyclopes
  27 wolf spiders
  A wolf spider (shapeshifter) (Vaults:3)
  A wolf spider zombie (D:15)
  2 manticores
  4 orc sorcerers
  A tengu skeleton (Depths:3)
  A moth of wrath (Spider:4)
  A sphinx skeleton (Depths:3)
  3 salamanders (Depths:3)
  Maurice (D:8)
  A salamander (shapeshifter) (Vaults:3)
  A black mamba (shapeshifter) (Depths:3)
  A spriggan zombie (Depths:3)
  8 vault sentinels
  Joseph (D:9)
  A fire giant skeleton (Vaults:4)
  4 guardian serpents (Desolation)
  3 elephants (Lair:6)
  2 molten gargoyles (Desolation)
  Psyche (D:10)
  2 torpor snails
  2 black mambas (Lair:6)
  A rust devil (Depths:1)
  15 spiny frogs
  4 eyes of devastation (WizLab)
  7 komodo dragons
  5 freezing wraiths
  4 rime drakes
  11 demonic crawlers
  22 yaktaurs
  2 tengu conjurers
  18 trolls
  A yaktaur (shapeshifter) (Vaults:1)
  6 polar bears
  A red devil (Depths:3)
  A queen bee (shapeshifter) (Vaults:3)
  33 jumping spiders
  A wind drake (shapeshifter) (Depths:3)
  Prince Ribbit (D:8)
  A wind drake (Lair:6)
  6 hornets
  5 blink frogs (Lair:6)
  53 saltlings
  44 slime creatures
  A snapping turtle (Lair:4)
  7 hippogriffs
  2 dream sheep (shapeshifter)
  A meliai zombie (D:14)
  84 redbacks
  6 air elementals
  2 frost giant simulacra
  3 spriggans (Depths:1)
  4 shadows
  2 water elementals
  10 starcursed masses (WizLab)
  6 wyverns
  48 tarantellas
  22 yaks
  4 hogs (D:8)
  4 fire bats (Depths:3)
  3 wraiths
  Eustachio (D:5)
  A golden eye (shapeshifter) (Depths:4)
  A basilisk (Lair:2)
  A human (D:8)
  4 hungry ghosts
  8 vampire mosquitoes
  3 neqoxecs (WizLab)
  A steam dragon (D:8)
  11 wargs
  A naga (shapeshifter) (Elf:1)
  A hell hound (Depths:3)
  5 acid dragons
  9 water moccasins
  8 porcupines
  45 orc warriors
  3 floating eyes
  Purgy (D:3)
  2 necrophages
  4 ice beasts
  3 sky beasts
  A sky beast (shapeshifter) (Vaults:4)
  3 phantoms
  2 eyes of draining
  An eye of draining (shapeshifter) (D:13)
  24 boggarts
  43 ogres
  9 wolves
  10 crocodiles
  8 centaurs
  An elf skeleton (Vaults:4)
  5 big kobolds
  16 bullfrogs
  2 earth elementals (Elf:1)
  2 gnoll sergeants
  A wyvern skeleton (D:13)
  38 scorpions
  A human simulacrum (Vaults:3)
  4 killer bees (D:11)
  14 wights
  11 howler monkeys
  3 electric eels
  8 crimson imps
  6 centaur zombies
  8 jellies
  A bullfrog zombie (D:5)
  11 hounds
  24 orc priests
  Crazy Yiuf (D:4)
  4 bullfrog skeletons
  10 centaur skeletons
  An iguana (shapeshifter) (Depths:1)
  7 iguanas
  Ijyb (D:5)
  26 orc wizards
  5 worker ants
  A bullfrog simulacrum (D:12)
  A hound skeleton (D:4)
  Robin (D:4)
  12 gnolls
  15 adders
  3 river rats
  4 shadow imps
  14 oozes (Lair:5)
  2 adder skeletons
  4 worms
  7 leopard geckos
  94 orcs
  A ball python (D:1)
  13 bats
  4 giant cockroaches
  17 goblins
  9 hobgoblins
  7 jackals
  21 kobolds
  7 quokkas
  5 frilled lizards
  A giant cockroach zombie (D:5)
  A jackal zombie (D:8)
  10 rats
  A fungus (D:10)
  A starspawn tentacle (WizLab)
1829 creatures vanquished.

Vanquished Creatures (others)
  A vault warden (Vaults:4)
  3 stone giants
  Nessos (D:13)
  4 yaktaur captains
  6 centaur warriors
  4 deep elf archers
  An ironbrand convoker (Desolation)
  A slime creature (Vaults:1)
  2 cyclopes
  14 yaktaurs
  3 slaves (D:9)
  An ogre (Depths:3)
  A boggart (D:15)
  8 centaurs
  An orc (D:8)
  4 jackals (D:9)
  A bush (Lair:5)
  5 demonic plants (WizLab)
  6 fungi
  6 plants
  18 starspawn tentacles (WizLab)
91 creatures vanquished.

Grand Total: 1920 creatures vanquished

Notes
Turn   | Place    | Note
-------+----------+-------------------------------------------
     0 | D:1      | vishdafish the Troll Monk began the quest for the Orb.
     0 | D:1      | Reached XP level 1. HP: 22/22 MP: 0/0
    31 | D:1      | Found an iron altar of Okawaru.
   155 | D:1      | Reached XP level 2. HP: 29/29 MP: 1/1
   537 | D:2      | Found a shattered altar of Ashenzari.
   545 | D:2      | Reached XP level 3. HP: 36/36 MP: 2/2
   806 | D:2      | Reached skill level 4 in Unarmed Combat
   806 | D:2      | Reached XP level 4. HP: 44/44 MP: 3/3
  1251 | D:3      | Noticed a bullfrog
  1255 | D:3      | Reached XP level 5. HP: 37/52 MP: 4/4
  1260 | D:3      | Reached skill level 5 in Unarmed Combat
  1279 | D:3      | HP: 1/52 [bullfrog (3)]
  1392 | D:3      | Noticed Purgy
  1404 | D:3      | Killed Purgy
  1404 | D:3      | Reached XP level 6. HP: 20/61 MP: 5/5
  1453 | D:3      | Found a glowing silver altar of Zin.
  1505 | D:3      | Found a hazy altar of Hepliaklqana.
  1721 | D:4      | Noticed Robin
  1749 | D:4      | Reached skill level 6 in Unarmed Combat
  1762 | D:4      | Killed Robin
  2039 | D:4      | Found Upluewed's Assorted Antiques.
  2090 | D:4      | Found a runed door.
  2094 | D:4      | Noticed Crazy Yiuf
  2107 | D:4      | Killed Crazy Yiuf
  2239 | D:4      | Found a deep blue altar of Sif Muna.
  2239 | D:4      | Found a snail-covered altar of Cheibriados.
  2250 | D:4      | Became a worshipper of Cheibriados the Contemplative
  2250 | D:4      | Reached * piety under Cheibriados
  2250 | D:4      | Reached ** piety under Cheibriados
  2480 | D:5      | Entered Level 5 of the Dungeon
  2483 | D:5      | Reached XP level 7. HP: 67/67 MP: 6/6
  2525 | D:5      | Reached skill level 1 in Shields
  2526 | D:5      | Noticed Ijyb
  2531 | D:5      | Killed Ijyb
  2536 | D:5      | Noticed Eustachio
  2549 | D:5      | Killed Eustachio
  2549 | D:5      | Reached skill level 7 in Unarmed Combat
  2622 | D:5      | Reached XP level 8. HP: 73/78 MP: 7/7
  2736 | D:5      | Found a sparkling altar of Nemelex Xobeh.
  2803 | D:5      | Found an iron altar of Okawaru.
  2975 | D:6      | Reached *** piety under Cheibriados
  2989 | D:6      | Found a staircase to the Ecumenical Temple.
  3053 | D:6      | Found Wutiby's General Store.
  3060 | D:6      | Bought a scroll of identify for 26 gold pieces
  3060 | D:6      | Bought a scroll of teleportation for 39 gold pieces
  3060 | D:6      | Bought a potion of flight for 39 gold pieces
  3216 | D:6      | Found a shadowy altar of Dithmenos.
  3251 | D:6      | Reached skill level 8 in Unarmed Combat
  3311 | D:6      | Found a glowing drain.
  3322 | Sewer    | Entered a sewer
  3398 | Sewer    | Found a white marble altar of Elyvilon.
  3505 | D:6      | Found a stormy altar of Qazlal.
  3522 | D:6      | Reached skill level 5 in Dodging
  3662 | D:6      | Reached XP level 9. HP: 85/85 MP: 8/8
  3846 | D:7      | Reached **** piety under Cheibriados
  3852 | D:7      | Identified the Almanac of Igneous Flight
  3990 | D:7      | Got a brightly glowing robe
  4001 | D:7      | Identified the +2 robe of Ugozom {rElec} (You found it on level 7 of the Dungeon)
  4096 | D:7      | Reached skill level 9 in Unarmed Combat
  4212 | D:7      | Reached skill level 5 in Fighting
  4627 | D:8      | Reached ***** piety under Cheibriados
  4648 | D:8      | Noticed Maurice
  4668 | D:8      | Killed Maurice
  4965 | D:8      | Reached skill level 10 in Unarmed Combat
  5157 | D:8      | Noticed Prince Ribbit
  5167 | D:8      | Killed Prince Ribbit
  5167 | D:8      | Reached XP level 10. HP: 81/98 MP: 9/9
  5271 | D:8      | Found a shadowy altar of Dithmenos.
  5528 | D:9      | Noticed Joseph
  5536 | D:9      | Killed Joseph
  5563 | D:9      | Reached skill level 5 in Shields
  5713 | D:9      | Reached skill level 11 in Unarmed Combat
  5727 | D:9      | Noticed Pikel
  5736 | D:9      | Killed Pikel
  5820 | D:9      | Noticed a two-headed ogre
  5826 | D:9      | Killed a two-headed ogre
  5826 | D:9      | Reached XP level 11. HP: 90/107 MP: 10/10
  5857 | D:9      | Noticed Erolcha
  5863 | D:9      | Killed Erolcha
  6234 | D:10     | Entered Level 10 of the Dungeon
  6244 | D:10     | Found a staircase to the Orcish Mines.
  6249 | D:10     | Noticed Psyche
  6253 | D:10     | Killed Psyche
  6255 | D:10     | Reached skill level 1 in Invocations
  6349 | D:10     | Noticed theBrain's ghost (journeyman MiBe)
  6365 | D:10     | Reached ****** piety under Cheibriados
  6434 | D:10     | Killed theBrain's ghost
  6434 | D:10     | Reached skill level 12 in Unarmed Combat
  6455 | D:10     | Found a staircase to the Lair.
  6519 | D:10     | Found Utatushay's Gadget Shop.
  6595 | D:10     | Noticed Nergalle
  6610 | D:10     | Killed Nergalle
  7278 | D:11     | Got a smoking glaive
  7284 | D:11     | Identified the +7 glaive "Hoprid" {antimagic, Int+2} (You found it on level 11 of the Dungeon)
  7451 | D:11     | Reached XP level 12. HP: 118/118 MP: 14/14
  7829 | D:12     | Noticed a two-headed ogre
  7838 | D:11     | Killed a two-headed ogre
  8430 | D:12     | You fall through a shaft!
  8441 | D:13     | Noticed Nessos
  8442 | D:13     | Reached skill level 5 in Invocations
  8444 | D:13     | Killed Nessos
  8452 | D:13     | Reached skill level 13 in Unarmed Combat
  8574 | D:13     | Gained mutation: You have a pair of small horns on your head. [potion of mutation]
  8574 | D:13     | Gained mutation: You are covered in thick fur. (AC +2) [potion of mutation]
  8575 | D:13     | Gained mutation: You have a pair of horns on your head. [mutagenic meat]
  8576 | D:13     | Gained mutation: You expend magic power (3 MP) to strengthen your wands. [mutagenic meat]
  8577 | D:13     | Gained mutation: You have sharp toenails. [mutagenic meat]
  8867 | Lair:1   | Entered Level 1 of the Lair of Beasts
  9144 | Lair:1   | Noticed polve's ghost (journeyman DrTm)
  9151 | Lair:1   | Killed polve's ghost
  9490 | Lair:2   | Noticed Urug
  9502 | Lair:2   | Killed Urug
  9815 | Lair:2   | Noticed an eight-headed hydra
  9821 | Lair:2   | Killed an eight-headed hydra
 10309 | Lair:3   | Reached XP level 13. HP: 127/127 MP: 15/17
 10965 | Lair:4   | Found a hole to the Spider Nest.
 11257 | Lair:4   | Found a staircase to the Shoals.
 11561 | Lair:5   | Found a runed door.
 11562 | Lair:5   | Found a viscous altar of Jiyva.
 11566 | Lair:5   | Found a staircase to the Slime Pits.
 11795 | Lair:5   | Reached skill level 14 in Unarmed Combat
 11842 | Lair:5   | Noticed an acid blob
 12216 | Lair:6   | Entered Level 6 of the Lair of Beasts
 12343 | Lair:6   | HP: 4/128 [seven-headed hydra (15)]
 13364 | Orc:1    | Entered Level 1 of the Orcish Mines
 13485 | Orc:2    | Entered Level 2 of the Orcish Mines
 13506 | Orc:2    | Found a frozen archway.
 13515 | IceCv    | Entered an ice cave
 13641 | Orc:2    | Found Poecuent's Weapon Emporium.
 13701 | Orc:2    | Found a staircase to the Elven Halls.
 13758 | Orc:2    | Noticed an orc warlord
 13758 | Orc:2    | Noticed an orc warlord
 13763 | Orc:2    | Reached XP level 14. HP: 129/137 MP: 13/19
 13765 | Orc:2    | Killed an orc warlord
 13776 | Orc:2    | Killed an orc warlord
 14035 | Orc:2    | Reached skill level 15 in Unarmed Combat
 14069 | Orc:2    | Found Jujont's Weapon Emporium.
 14071 | Orc:2    | Found Muell's Armour Shop.
 14087 | Orc:2    | Found Oluggosa's Jewellery Shoppe.
 14714 | Orc:1    | Found Miom's Book Emporium.
 15285 | D:13     | Reached skill level 10 in Invocations
 15306 | D:13     | Gained mutation: You are partially covered in slimy green scales. (AC +2) [mutagenic meat]
 15387 | D:13     | Found a gate to the Vaults.
 15452 | D:13     | Noticed Snorg
 15456 | D:13     | Killed Snorg
 15681 | D:13     | Reached skill level 10 in Dodging
 15683 | D:13     | Reached XP level 15. HP: 148/148 MP: 21/21
 16041 | D:14     | Found Cagifad's Food Shop.
 16270 | D:15     | Entered Level 15 of the Dungeon
 16491 | D:15     | Reached skill level 10 in Fighting
 16493 | D:15     | Reached skill level 16 in Unarmed Combat
 16880 | D:15     | Found a staircase to the Depths.
 17075 | Depths:1 | Entered Level 1 of the Depths
 17101 | Depths:1 | Identified 2 scrolls of acquirement
 17145 | Depths:1 | Found a one-way gate leading to the halls of Pandemonium.
 17146 | Depths:1 | Noticed the Enchantress
 17154 | Depths:1 | Killed the Enchantress
 17158 | Depths:1 | Got faerie dragon scales
 17169 | Depths:1 | Identified the +2 faerie dragon scales {rCorr Slay+4} (You took it off the Enchantress on level 1 of the Depths)
 17330 | Depths:1 | Found a sparkling altar of Nemelex Xobeh.
 17343 | Depths:1 | Reached XP level 16. HP: 144/158 MP: 23/23
 17412 | Depths:1 | Noticed Jorgrun
 17422 | Depths:1 | Killed Jorgrun
 17691 | Depths:1 | Found a one-way gate to the infinite horrors of the Abyss.
 17879 | Depths:1 | Found a shattered altar of Ashenzari.
 17948 | Depths:1 | Reached skill level 10 in Shields
 17978 | Depths:1 | Noticed a lich
 17981 | Depths:1 | Killed a lich
 17983 | Depths:1 | Reached skill level 17 in Unarmed Combat
 18042 | Depths:1 | Found a gateway to Hell.
 18502 | Spider:1 | Entered Level 1 of the Spider Nest
 20310 | Spider:3 | Reached XP level 17. HP: 169/169 MP: 25/25
 21051 | Spider:4 | Entered Level 4 of the Spider Nest
 21639 | Spider:4 | Reached skill level 18 in Unarmed Combat
 21836 | Spider:4 | Got a gossamer rune of Zot
 22269 | Vaults:1 | Entered Level 1 of the Vaults
 22536 | Vaults:1 | Found a glowing golden altar of the Shining One.
 22548 | Vaults:1 | Reached XP level 18. HP: 158/179 MP: 27/27
 23333 | Vaults:1 | You fall through a shaft!
 23531 | Vaults:1 | Noticed a Hell Sentinel
 23995 | Vaults:2 | Reached skill level 1 in Armour
 24454 | Vaults:2 | Reached skill level 19 in Unarmed Combat
 24617 | Vaults:2 | Reached XP level 19. HP: 189/189 MP: 28/28
 25880 | Depths:2 | Reached skill level 1 in Throwing
 26032 | Depths:2 | Reached skill level 5 in Armour
 26045 | Depths:2 | Noticed a caustic shrike
 26053 | Depths:2 | Killed a caustic shrike
 26058 | Depths:2 | Noticed a golden dragon
 26335 | Depths:1 | Killed a golden dragon
 26406 | Depths:2 | Noticed Margery
 26416 | Depths:2 | Killed Margery
 26599 | Depths:2 | Found a gateway to a ziggurat.
 27039 | Depths:2 | Reached XP level 20. HP: 163/200 MP: 29/29
 27043 | Depths:2 | Reached skill level 5 in Throwing
 27562 | Elf:1    | Entered Level 1 of the Elven Halls
 27569 | Elf:1    | Reached skill level 20 in Unarmed Combat
 27620 | Elf:1    | Found a ruined gateway.
 27636 | Desolati | Entered the Desolation of Salt
 28197 | Desolati | Got a heavily runed tin ring
 28199 | Desolati | Identified the ring "Qoaluc" {Ice Str+3 Dex+2} (You found it in the Desolation of Salt)
 28204 | Desolati | Got a pitted jade ring
 28205 | Desolati | Identified the ring of Cihe {+Blink rF+++ MP+9 Str+2 Stlth-} (You found it in the Desolation of Salt)
 28213 | Desolati | Identified the Disquisition on Shape Shifting and Poisoning
 28382 | Desolati | Got an ancient pewter amulet
 28383 | Desolati | Identified the amulet "Ocoskeynaz" {Regen+ Int+3} (You found it in the Desolation of Salt)
 28392 | Desolati | Identified the Tome of the Glacier and Conjuration
 28405 | Desolati | Identified the Handbook of Arcane Weapons
 28639 | Desolati | Got a scorched pewter amulet
 28640 | Desolati | Identified the amulet of the Chupacabra {Spirit *Drain rN+ Str+2 Int+5} (You found it in the Desolation of Salt)
 28649 | Desolati | Identified the Compendium of the Hurtful Snowflakes
 28738 | Elf:1    | Noticed Asterion
 28745 | Elf:1    | Killed Asterion
 28808 | Elf:1    | Gained mutation: You occasionally shout uncontrollably at your foes. [a neqoxec]
 28928 | Elf:1    | Found Cuhoz's Gadget Emporium.
 28929 | Elf:1    | Found Ifafig's Jewellery Shop.
 29149 | Elf:1    | Found a roughly hewn altar of Beogh.
 29318 | Elf:1    | Found Odelol's Gadget Emporium.
 29656 | Elf:1    | Reached XP level 21. HP: 202/208 MP: 30/30
 30085 | Vaults:3 | Found a staircase to the Crypt.
 30085 | Vaults:3 | Found a basalt altar of Yredelemnul.
 30086 | Vaults:3 | Found an ancient bone altar of Kikubaaqudgha.
 31229 | Vaults:4 | Found a magical portal.
 31241 | WizLab   | Entered Lehudib's Moon Base
 31514 | WizLab   | Reached skill level 21 in Unarmed Combat
 31616 | WizLab   | Gained mutation: You sometimes yell uncontrollably at your foes. [a neqoxec]
 31619 | WizLab   | Gained mutation: You are weak. (Str -2) [a neqoxec]
 31884 | WizLab   | Reached skill level 10 in Armour
 32100 | WizLab   | Found a transporter.
 32250 | WizLab   | Found a transporter.
 32255 | WizLab   | Identified the Disquisition on Creative Stones
 32282 | WizLab   | Lost mutation: You are weak. (Str -2) [potion of mutation]
 32282 | WizLab   | Lost mutation: You have a pair of horns on your head. [potion of mutation]
 32282 | WizLab   | Gained mutation: Your flesh is heat resistant. (rF+) [potion of mutation]
 32282 | WizLab   | Gained mutation: You passively map a small area around you. [potion of mutation]
 32378 | Vaults:4 | Reached skill level 10 in Throwing
 32907 | Vaults:4 | Reached XP level 22. HP: 217/217 MP: 31/31
 33002 | Vaults:4 | Found Satrexor's Weapon Shop.
 33043 | Vaults:4 | Found a deep blue altar of Sif Muna.
 33651 | Depths:3 | Paralysed by a floating eye for 3 turns
 33941 | Depths:3 | Got a steaming robe
 33947 | Depths:3 | Identified the +4 robe of Grace {rCorr Dex+6 Slay-2} (You took it off a spriggan defender on level 3 of the Depths)
 34782 | Depths:4 | Noticed sonicboom's ghost (veteran TrHu)
 34795 | Depths:4 | Paralysed by a great orb of eyes for 2 turns
 34989 | Depths:4 | Reached skill level 22 in Unarmed Combat
 35031 | Depths:4 | Identified the amulet "Peopoh" {Spirit rF- MR+++ Int-2 Slay+4} (You found it on level 4 of the Depths)
 35235 | Depths:4 | Reached XP level 23. HP: 202/224 MP: 32/32
 35278 | Depths:4 | Paralysed by a floating eye for 2 turns
 35282 | Depths:4 | Noticed a caustic shrike
 35296 | Depths:4 | Killed a caustic shrike
 35365 | Depths:4 | Mangled by sonicboom's ghost

Skill      XL: |  1  2  3  4  5  6  7  8  9 10 11 12 13 14 15 16 17 18 19 20 21 22 |
---------------+-------------------------------------------------------------------+-----
Dodging        | 3 4 5 6 7 8 9 10 11 12 | 12.3
Unarmed Combat | 4 5 6 7 8 10 11 12 13 14 15 16 17 18 19 20 21 22 | 22.1
Fighting       | 3 4 5 6 7 8 9 10 11 12 | 12.3
Shields        | 1 3 4 5 6 7 8 9 10 11 12 13 14 | 14.1
Invocations    | 4 6 8 10 11 12 13 14 | 14.5
Armour         | 2 6 8 10 12 | 12.2
Throwing       | 4 8 10 12 | 12.4
Stealth        | |  1.2

Action                   |  1- 3 |  4- 6 |  7- 9 | 10-12 | 13-15 | 16-18 | 19-21 | 22-24 || total
-------------------------+-------+-------+-------+-------+-------+-------+-------+-------++-------
Melee: Unarmed           |   114 |   200 |   300 |   536 |   730 |   849 |   825 |   470 ||  4024
       Punch             |     2 |     3 |       |       |       |       |       |       ||     5
       Kick              |       |       |       |    36 |   396 |   433 |   411 |   258 ||  1534
       Headbutt          |       |       |       |    20 |   226 |   257 |   267 |   190 ||   960
       Morningstar       |       |       |       |     2 |    22 |       |       |       ||    24
Throw: Large rock        |       |       |       |       |     3 |     7 |   194 |    52 ||   256
Invok: Slouch            |       |       |       |     1 |     8 |     9 |    12 |     6 ||    36
       Bend Time         |       |       |       |     1 |     3 |     2 |     2 |     2 ||    10
       Temporal Distorti |       |       |       |       |       |     3 |     1 |     1 ||     5
  Use: Potion            |       |     2 |       |     1 |       |     1 |     4 |       ||     8
       Scroll            |       |     2 |    12 |     4 |    10 |     3 |     9 |     4 ||    44
 Stab: Sleeping          |       |     1 |     6 |    10 |     6 |     6 |       |       ||    29
       Distracted        |       |       |       |     1 |     1 |     3 |     2 |       ||     7
  Eat: Chunk             |     4 |    19 |    19 |    35 |    26 |    47 |    48 |    18 ||   216
       Meat ration       |       |       |       |     2 |     4 |     2 |     2 |       ||    10
       Fruit             |       |       |       |       |    10 |       |       |       ||    10
Armor: Robe              |    65 |    40 |       |       |       |       |       |       ||   105
       Troll leather arm |       |    44 |    96 |    62 |   178 |       |    14 |    72 ||   466
       Acid dragon scale |       |       |       |       |     3 |   169 |   125 |       ||   297
Dodge: Dodged            |    89 |   135 |    50 |   123 |   316 |   382 |   399 |   185 ||  1679
Block: Large shield      |       |    11 |   251 |   594 |   886 |  1034 |  1148 |   586 ||  4510
       Reflection        |       |       |    23 |    33 |    43 |    51 |   163 |    31 ||   344
